Map: Hardwire LE

Players

Pumba - Winner!

  • Race: Protoss Protoss
  • League: Diamond
  • Spawn Location: 1:00

Wobbuffet

  • Race: Protoss Protoss
  • League: Master
  • Spawn Location: 7:00

VOD

Have the link to the VOD?

Description

Time

  • Played on: March 15, 2022, 7:38 p.m.
  • Length: 10:38
Show
View Real Time Build Order
Export as new Build Order

Pumba Protoss - Winner!

Build Orders: Oracle Opening 

Get SALT Encoding   

  12  0:00  Probe  
  13  0:12  Probe  
  14  0:17  Pylon  
  14  0:25  Probe  
  15  0:37  Probe (Chrono Boost)  
  15  0:38  Gateway  
  16  0:48  Probe (Chrono Boost), Assimilator  
  17  0:54  Probe (Chrono Boost)  
  17  0:56  Assimilator  
  18  1:03  Probe (Chrono Boost)  
  19  1:09  Gateway  
  19  1:15  Probe (Chrono Boost)  
  20  1:23  Probe (Chrono Boost)  
  21  1:29  Probe  
  21  1:30  Cybernetics Core  
  22  1:36  Pylon  
  22  1:43  Probe  
  23  1:55  Probe  
  24  2:08  Warp Gate, Stalker x2  
  28  2:14  Pylon  
  28  2:21  Probe  
  29  2:38  Stargate  
  29  2:50  Nexus  
  29  2:55  Adept  
  31  3:05  Adept  
  33  3:08  Pylon  
  33  3:21  Oracle (Chrono Boost)  
  33  3:27  Probe  
  37  3:39  Probe (Chrono Boost)  
  39  3:50  Probe (Chrono Boost)  
  39  3:51  Robotics Facility  
  39  3:52  Forge  
  39  3:53  Twilight Council  
  39  3:56  Probe (Chrono Boost)  
  39  4:02  Probe (Chrono Boost)  
  42  4:11  Probe x2 (Chrono Boost)  
  41  4:24  Protoss Ground Weapons Level 1 (Chrono Boost)  
  41  4:28  Probe x2  
  41  4:32  Stalker x2  
  41  4:36  Shield Battery  
  45  4:40  Probe  
  45  4:41  Probe  
  47  4:47  Assimilator  
  47  4:48  Blink (Chrono Boost)  
  47  4:49  Assimilator  
  47  4:52  Probe  
  48  4:53  Probe  
  49  5:09  Probe  
  49  5:10  Probe  
  51  5:18  Warp Prism, Pylon  
  53  5:21  Probe  
  53  5:22  Probe  
  53  5:23  Gateway  
  53  5:25  Gateway  
  55  5:34  Probe, Pylon  
  56  5:41  Stalker x2  
  60  5:45  Probe  
  60  5:46  Probe  
  62  5:55  Nexus  
  62  5:57  Probe  
  62  6:00  Shield Battery, Probe  
  64  6:09  Probe  
  65  6:17  Probe  
  66  6:20  Stalker x3  
  66  6:21  Stalker  
  66  6:22  Probe  
  75  6:30  Probe  
  76  6:33  Pylon  
  76  6:43  Probe  
  76  6:44  Protoss Ground Weapons Level 2 (Chrono Boost)  
  77  6:54  Gateway  
  77  6:55  Gateway  
  77  6:57  Gateway  
  77  6:58  Probe  
  77  6:59  Gateway  
  78  7:01  Stalker x2  
  82  7:18  Stalker x2  
  82  7:20  Shield Battery  
  84  7:25  Pylon  
  84  7:27  Pylon  
  84  7:30  Stalker x2  
  88  7:39  Shield Battery  
  88  7:44  Stalker x2  
  90  7:49  Pylon  
  90  7:50  Stalker x2  
  90  7:51  Pylon  
  96  7:53  Pylon  
  96  7:54  Pylon  
  96  7:57  Stalker x2  
  100  8:11  Stalker x4  
  104  8:26  Stalker x3  
  104  8:27  Stalker  
  86  8:40  Stalker x4  
  94  8:42  Probe x3  
  97  8:49  Stalker  
  97  8:50  Stalker x2  
  103  8:59  Stalker  
  105  9:04  Observer (Chrono Boost)  
  92  9:35  Stalker x8  
  105  9:47  Nexus  
  105  9:48  Warp Prism (Chrono Boost), Pylon  
  107  9:54  Pylon  
  107  9:56  Probe  
  107  9:58  Stalker x4  
  116  10:00  Stalker  
  106  10:26  Stalker x8  
Show
View Real Time Build Order
Export as new Build Order

Wobbuffet Protoss 

Build Orders: Zealot Archon 

Get SALT Encoding   

  12  0:00  Probe  
  13  0:13  Probe  
  14  0:18  Pylon  
  14  0:26  Probe (Chrono Boost)  
  15  0:38  Gateway, Probe (Chrono Boost)  
  16  0:45  Assimilator  
  16  0:46  Probe (Chrono Boost)  
  17  0:53  Probe  
  18  1:05  Probe  
  18  1:06  Assimilator  
  18  1:11  Gateway  
  19  1:17  Probe  
  20  1:25  Cybernetics Core  
  20  1:29  Probe  
  21  1:41  Probe  
  22  1:49  Pylon  
  22  1:57  Probe  
  23  2:04  Warp Gate  
  23  2:07  Stalker, Pylon  
  23  2:08  Sentry  
  27  2:14  Probe  
  28  2:26  Probe  
  29  2:34  Stalker  
  31  2:38  Sentry  
  32  2:53  Nexus  
  32  2:59  Shield Battery  
  32  3:04  Probe  
  33  3:17  Probe (Chrono Boost)  
  33  3:18  Robotics Facility  
  35  3:27  Probe (Chrono Boost)  
  35  3:29  Pylon  
  35  3:32  Probe (Chrono Boost)  
  36  3:39  Shield Battery  
  36  3:43  Probe  
  37  3:53  Stalker  
  37  3:54  Stalker  
  41  3:57  Probe (Chrono Boost)  
  42  4:05  Probe (Chrono Boost)  
  42  4:07  Observer  
  42  4:09  Probe (Chrono Boost)  
  45  4:15  Probe (Chrono Boost)  
  45  4:16  Probe (Chrono Boost)  
  47  4:17  Twilight Council  
  47  4:20  Probe (Chrono Boost)  
  45  4:27  Probe  
  46  4:32  Probe (Chrono Boost)  
  47  4:39  Probe (Chrono Boost)  
  47  4:44  Probe (Chrono Boost)  
  49  4:50  Probe x2 (Chrono Boost)  
  49  4:51  Gateway  
  51  4:54  Blink (Chrono Boost), Stalker  
  51  4:57  Probe  
  51  4:58  Probe  
  55  5:09  Probe  
  55  5:10  Probe  
  55  5:12  Stalker  
  59  5:20  Assimilator  
  59  5:22  Assimilator, Pylon  
  59  5:26  Stalker  
  61  5:40  Immortal  
  61  5:41  Probe x2, Pylon  
  67  5:44  Stalker  
  69  5:59  Forge  
  69  6:05  Gateway  
  69  6:09  Gateway  
  69  6:14  Templar Archives, Gateway  
  69  6:16  Immortal (Chrono Boost)  
  73  6:26  Pylon  
  73  6:30  Protoss Ground Weapons Level 1 (Chrono Boost)  
  73  6:35  Stalker x2  
  77  6:41  Charge  
  77  6:45  Pylon  
  77  6:48  Warp Prism  
  77  6:49  Pylon  
  79  6:58  Stalker  
  79  6:59  Stalker  
  79  7:00  High Templar  
  85  7:10  High Templar  
  85  7:11  Zealot x2  
  86  7:43  Zealot x2  
  90  7:46  High Templar x2  
  90  7:48  Archon  
  94  7:51  Archon  
  94  7:52  Zealot x2  
  94  7:57  Immortal (Chrono Boost)  
  98  8:04  Robotics Bay  
  102  8:09  Stalker x2  
  70  8:38  Stalker  
  70  8:39  Stalker x5  
  80  9:08  Stalker x3  
  80  9:09  Stalker x3  
  76  9:37  Shield Battery, Nexus  
  76  9:45  Stalker x4  
  80  9:46  Stalker x2  
  84  10:08  Stalker  
  84  10:09  Stalker x3  
  62  10:24  Stalker x2  
Tags
 
Add a new tag
Caveats
  • Supply blocks, unpowered buildings, or Contaminate may cause inaccurate times.
  • Supply counts are checked every 10 seconds.